 Dungeon Crawl Stone Soup version 0.28.0-47-ge53b351184 (webtiles) character file.

Game seed: 5679221205091783694

162794 joshe the Sorcerer (level 17, -15/88 HPs)
             Began as a Deep Elf Necromancer on Apr 25, 2022.
             Was the Champion of Kikubaaqudgha.
             Killed from afar by a hell hog (30 damage)
             ... with a fireball
             ... on level 3 of the Abyss on May 7, 2022.
             The game lasted 07:27:00 (55465 turns).

joshe the Sorcerer (Deep Elf Necromancer)          Turns: 55465, Time: 07:27:01

Health: -15/88     AC: 18    Str:  5      XL:     17   Next: 22%
Magic:  19/44      EV: 16    Int: 32 (35) God:    Kikubaaqudgha [******]
Gold:   1930       SH:  5    Dex: 15      Spells: 11/59 levels left

rFire   + . .      SeeInvis +   I - +8 whip "Snakebite" {venom, curare, rPois}
rCold   . . .      Faith    .   Q - +0 buckler
rNeg    + . .      Spirit   .   T - +0 acid dragon scales
rPois   +          Reflect  .   c - +2 hat {Stlth+}
rElec   .          Harm     +   W - +2 cloak of Iba Gyrchoh {Rampage rN+ rCorr}
rCorr   +          Rampage  +   O - +2 pair of gloves
Will    +....                   n - +2 pair of boots
Stlth   +++.......              M - amulet of Hupiz {Acrobat Harm SInv}
HPRegen 0.00/turn               v - ring of protection from fire
MPRegen 0.29/turn               C - +6 ring of intelligence

@: inhibited regen, hasted, very quick
A: [deterioration 2], [inhibited regeneration]
a: Renounce Religion, Receive Corpses, Torment, Brand Weapon With Pain, Receive
Forbidden Knowledge


You were on level 3 of the Abyss.
You worshipped Kikubaaqudgha.
Kikubaaqudgha was exalted by your worship.
You visited 6 branches of the dungeon, and saw 28 of its levels.
You visited the Abyss 1 time.
You also visited: Ossuary, Gauntlet and Ice Cave.

You collected 2944 gold pieces.
You spent 1014 gold pieces at shops.

Inventory:

Hand Weapons
 i - the +7 hand axe of the Tomato {speed, rC++ Int-4}
   (You found it on level 2 of the Dungeon)

   Attacks with this weapon are significantly faster.
   Int:       It affects your intelligence (-4).
   rC:        It greatly protects you from cold.
 H - the +8 flail "Tiodu" {venom, rF+ rC- rCorr}
   (You found it on level 3 of the Elven Halls)

   It poisons the flesh of those it strikes.
   rF:        It protects you from fire.
   rC:        It makes you vulnerable to cold.
   rCorr:     It protects you from acid and corrosion.
 I - the +8 whip "Snakebite" (weapon) {venom, curare, rPois}
   (You found it on level 5 of the Lair of Beasts)

   It poisons the flesh of those it strikes.
   It occasionally inflicts asphyxiating poison on those it strikes, dealing
   poison damage and causing slowness.
   rPois:     It protects you from poison.
 S - the +8 hunting sling "Nehaiv" {venom, rCorr}
   (You found it on level 6 of the Lair of Beasts)

   Any ammunition fired from it poisons the flesh of those it strikes.
   rCorr:     It protects you from acid and corrosion.
Missiles
 m - 482 stones
Armour
 c - a +2 hat of stealth (worn)
 n - a +2 pair of boots (worn)
 O - a +2 pair of gloves (worn)
 Q - a +0 buckler (worn)
 T - +0 acid dragon scales (worn)
 W - the +2 cloak of Iba Gyrchoh (worn) {Rampage rN+ rCorr}
   (You found it in a Gauntlet)

   rN:        It protects you from negative energy.
   rCorr:     It protects you from acid and corrosion.
   Rampage:   It bestows one free step when moving towards enemies.
Jewellery
 j - a ring of resist corrosion
 v - a ring of protection from fire (left hand)
 C - a +6 ring of intelligence (right hand)
 D - the ring of Ferigein {rC+ MP+9}
   (You found it in a Gauntlet)

   [ring of magical power]

   rC:        It protects you from cold.
   MP:        It affects your magic capacity (+9).
 G - the ring of Menwe {rElec Int+3 Dex+6 Slay-3}
   (You bought it in a shop on level 2 of the Orcish Mines)

   [ring of dexterity]

   Int:       It affects your intelligence (+3).
   Dex:       It affects your dexterity (+6).
   Slay:      It affects your accuracy & damage with ranged weapons and melee
   (-3).
   rElec:     It insulates you from electricity.
 L - a ring of flight
 M - the amulet of Hupiz (around neck) {Acrobat Harm SInv}
   (You found it on level 5 of the Lair of Beasts)

   [amulet of the acrobat]

   It increases your evasion while moving and waiting.
   SInv:      It lets you see invisible.
   Harm:      It increases damage dealt and taken.
 X - a ring of willpower
Wands
 k - a wand of digging (6)
 r - a wand of iceblast (16)
 u - a wand of paralysis (10)
 E - a wand of flame (7)
 F - a wand of acid (13)
 P - a wand of polymorph (13)
Scrolls
 a - a scroll of blinking
 o - 4 scrolls of immolation
 p - a scroll of enchant weapon
 s - 5 scrolls of teleportation
 t - a scroll of identify
 y - 2 scrolls of amnesia
 z - a scroll of holy word
 A - 3 scrolls of fog
 B - 2 scrolls of acquirement
 V - a scroll of enchant armour
 Y - a scroll of magic mapping
 Z - 2 scrolls of fear
Potions
 b - 5 potions of brilliance
 d - 2 potions of flight
 e - a potion of ambrosia
 g - a potion of might
 h - 6 potions of mutation
 l - a potion of magic
 w - 5 potions of lignification
 x - 12 potions of curing
 R - 2 potions of cancellation
Miscellaneous
 q - a lightning rod (1/4)
 J - a condenser vane


   Skills:
 - Level 4.0 Fighting
 - Level 4.0 Armour
 - Level 14.0 Dodging
 - Level 4.0 Stealth
 - Level 6.0 Shields
 + Level 21.5 Spellcasting
 - Level 10.0 Conjurations
 - Level 18.0 Necromancy
 - Level 2.0 Translocations
 - Level 2.0 Transmutations
 - Level 2.0 Fire Magic
 - Level 2.0 Air Magic
 - Level 14.0 Earth Magic
 - Level 2.0 Poison Magic
 - Level 6.0 Evocations


You had 11 spell levels left.
You knew the following spells:

 Your Spells              Type           Power      Damage    Failure   Level
a - Pain                  Necr           100%       1d9       0%          1
b - Vampiric Draining     Necr           99%        2d13      0%          3
c - Sandblast             Erth           100%       2d20      0%          1
d - Stone Arrow           Conj/Erth      100%       3d13      1%          3
e - Animate Dead          Necr           49%        N/A       0%          4
f - Mephitic Cloud        Conj/Pois/Air  59%        N/A       1%          3
g - Ignite Poison         Fire/Tmut/Pois 47%        N/A       3%          3
h - Dispel Undead         Necr           99%        3d31      0%          4
i - Agony                 Necr           99%        N/A       1%          5
j - Borgnjor's Vile Clut  Necr/Erth      47%        N/A       1%          5
k - Blink                 Tloc           94%        N/A       1%          2
l - Iron Shot             Conj/Erth      42%        9d8       2%          6
m - Iskenderun's Battles  Conj           78%        2d13      1%          5
n - Spider Form           Tmut/Pois      47%        N/A       3%          3

Your spell library contained the following spells:

 Spells                   Type           Power      Damage    Failure   Level
 Animate Skeleton         Necr           100%       N/A       0%          1
 Foxfire                  Conj/Fire      100%       2x1d9     1%          1
 Magic Dart               Conj           100%       1d8       1%          1
 Passwall                 Tmut/Erth      59%        N/A       1%          2
 Conjure Flame            Conj/Fire      64%        6-21      1%          3
 Anguish                  Hex/Necr       37%        N/A       1%          4
 Flame Wave               Conj/Fire      64%        2d12      1%          4
 Iskenderun's Mystic Bla  Conj/Tloc      64%        2d13      1%          4
 Sticky Flame             Conj/Fire      64%        2d8       1%          4
 Excruciating Wounds      Necr           49%        N/A       1%          5
 Freeze                   Ice            100%       1d11      2%          1
 Ensorcelled Hibernation  Hex/Ice        68%        N/A       3%          2
 Lesser Beckoning         Tloc           47%        N/A       3%          3
 Hailstorm                Conj/Ice       60%        3d13      3%          4
 Inner Flame              Hex/Fire       40%        N/A       4%          3
 Irradiate                Conj/Tmut      32%        3d24      6%          5
 Confusing Touch          Hex            34%        N/A       8%          3
 Frozen Ramparts          Ice            68%        1d8       8%          3
 Tukima's Dance           Hex            34%        N/A       8%          3
 Simulacrum               Ice/Necr       37%        N/A       10%         6
 Freezing Cloud           Conj/Ice/Air   28%        6-21      13%         5
 Summon Lightning Spire   Summ/Air       40%        N/A       16%         4
 Alistair's Intoxication  Tmut/Pois      31%        N/A       30%         5
 Blade Hands              Tmut           23%        N/A       30%         5
 Manifold Assault         Tloc           47%        N/A       30%         5
 Yara's Violent Unravell  Hex/Tmut       20%        3d9       41%         5
 Eringya's Noxious Bog    Tmut/Pois      23%        N/A       86%         6
 Dragon Form              Tmut           23%        N/A       100%        7
 Enfeeble                 Hex            17%        N/A       100%        7
 Storm Form               Tmut/Air       23%        N/A       100%        7
 Maxwell's Capacitive Co  Air            23%        ∞         100%        8


Dungeon Overview and Level Annotations

Branches:
Dungeon (15/15)            Temple (1/1) D:7            Lair (6/6) D:8
 Shoals (0/4) Lair:2        Snake (1/4) Lair:2        Slime (0/5) Lair:6
    Orc (2/2) D:9             Elf (3/3) Orc:2        Vaults (0/5) D:14
 Depths (0/4) D:15        Ossuary (visited)           IceCv (visited)
Gauntlet (visited)

Altars:
Ashenzari
Cheibriados
Dithmenos
Elyvilon
Fedhas
Gozag
Hepliaklqana
Kikubaaqudgha
Makhleb
Nemelex Xobeh
Okawaru
Qazlal
Ru
Sif Muna
Trog
Uskayaw
Vehumet
Wu Jian
Xom
Yredelemnul
Zin
The Shining One
Beogh
Jiyva

Shops:
D:9 ?   Orc:1 [   Orc:2 (?=(   Elf:2 =

Portals:
Hell: Lair:6

Annotations:
D:5 1 runed translucent door, abstractfish's ghost, novice HOFi
D:9 3 runed translucent doors, RascalDebosk's ghost, journeyman MiBe
Lair:3 1 runed translucent door


Innate Abilities, Weirdness & Mutations

[Your body often deteriorates upon taking damage.]
[You do not regenerate when monsters are visible.]


Message History

The fireball engulfs your battlesphere.
Your battlesphere resists.
Your battlesphere is destroyed!
The hell hog squeals angrily.
You feel yourself speed up. The hell hog closely misses you.
A hell hog comes into view.
The hell hog barely misses you.
Okay, then.
Unknown command.
Okay, then.
The hell hog breathes fire at you.
The fireball explodes!
The fireball engulfs you! You resist.
* * * LOW HITPOINT WARNING * * *
Your body deteriorates!
You feel dopey.
The fireball engulfs the hell hog.
The hell hog completely resists.
You hear a roar!
Okay, then.
Blink to where?
Press: ? - help, Dir - move target, p - hell hog You can't see that place.
Okay, then.
Unknown command.
Okay, then.
Casting: Sandblast (safe; 0% risk of failure)
Confirm with . or Enter, or press ? or * to list all spells.
Okay, then.
Unknown command.
You feel better. The hell hog closely misses you.
Casting: Sandblast (safe; 0% risk of failure)
Confirm with . or Enter, or press ? or * to list all spells.
Aiming: Iron Shot (dangerous; 2% risk of failure)
Press: ? - help, Shift-Dir - straight line, f - hell hog, p - hell hog
Aim: a hell hog (79% to hit)
The iron shot hits the hell hog!!!
You kill the hell hog!
That felt strangely unrewarding.
The hell hog breathes fire at you.
The fireball explodes!
The fireball engulfs you!! You resist.
You die...
Kikubaaqudgha rasps: "You have failed me!
Welcome... death!"

# . .
# . #
. . #
### #
###hh#
# #..#
##°# #
#@##
### #
# . ..
. # #
# # .


You could see a hell hog (catching breath).

Vanquished Creatures
  Rupert (D:12)
  An Ice Fiend (IceCv)
  2 liches (Abyss:3)
  A deep elf blademaster (Elf:2)
  Gastronok (Orc:1)
  A tentacled starspawn (Abyss:3)
  2 deep elf sorcerers (Elf:3)
  A very ugly thing (Elf:1)
  3 deep elf annihilators
  A minotaur (Gauntlet)
  2 deep elf death magi
  A dire elephant (Lair:6)
  2 ettins
  A yaktaur captain (D:15)
  4 vault guards (D:14)
  A deep elf high priest (Elf:3)
  A boulder beetle (shapeshifter) (D:15)
  12 hydras
  A caustic shrike simulacrum (IceCv)
  4 boulder beetles
  2 centaur warriors (D:15)
  2 hell hogs (Abyss:3)
  2 two-headed ogres (D:11)
  A death yak (Lair:6)
  2 orc high priests
  A tengu warrior (D:14)
  28 dancing weapons
  4 wretched stars (Abyss:3)
  A sun demon (Lair:6)
  12 deep elf knights
  A bog body (IceCv)
  4 deep elf archers
  3 starcursed masses (Abyss:3)
  2 spriggan simulacra (IceCv)
  2 necromancers
  29 deep elf pyromancers
  An obsidian statue (IceCv)
  5 wizards
  A lindwurm (D:10)
  8 orc knights
  4 orc sorcerers
  3 oklob plants (Lair:6)
  21 ugly things
  17 deep elf zephyrmancers
  4 cyclopes
  2 manticores
  Maurice (D:8)
  A naga mage (D:15)
  5 black mambas
  3 smoke demons
  3 elephants
  A torpor snail (Gauntlet)
  A gargoyle (D:10)
  15 cane toads
  7 rime drakes
  An efreet (D:14)
  11 freezing wraiths
  A yaktaur (shapeshifter) (D:15)
  A demonic crawler (Abyss:3)
  4 yaktaurs (D:15)
  A tormentor (Abyss:3)
  8 ice devils
  An anaconda simulacrum (IceCv)
  10 komodo dragons
  5 entropy weaver simulacra (IceCv)
  4 hellwings (Abyss:3)
  3 tengu conjurers (D:14)
  6 trolls
  A red devil (Lair:6)
  2 polar bears
  20 blink frogs
  A blink frog (shapeshifter) (D:14)
  A dream sheep (Lair:5)
  A snapping turtle (Lair:2)
  15 slime creatures
  Sigmund (D:6)
  A culicivora (shapeshifter) (D:14)
  5 shadows
  3 jumping spiders (D:10)
  37 yaks
  A ynoxinul (Abyss:3)
  18 humans
  7 basilisks
  2 wraiths (D:9)
  7 wyverns
  6 water elementals
  4 fire elementals
  A basilisk (shapeshifter) (D:13)
  2 steam dragons
  7 wargs
  6 vampire mosquitoes
  A minotaur simulacrum (IceCv)
  3 harpy simulacra (IceCv)
  2 acid dragons
  6 hell hounds
  15 water moccasins
  A hornet zombie (D:15)
  44 orc warriors
  2 ice beasts
  5 black bears
  2 sky beasts
  A necrophage (D:6)
  17 wolves
  4 centaurs
  6 ogres
  A phantom (D:4)
  3 kobold brigands
  7 bullfrogs
  A deep troll simulacrum (IceCv)
  An earth elemental (Elf:2)
  A wyvern zombie (D:7)
  A scorpion (D:6)
  12 killer bees
  A lindwurm simulacrum (IceCv)
  8 wights (D:8)
  4 howler monkeys
  An electric eel (D:11)
  A lava snake (D:10)
  5 centaur zombies
  2 bullfrog zombies
  3 hounds (D:4)
  2 human zombies (Ossuary)
  6 orc priests
  3 jellies
  3 centaur skeletons
  A gnoll shaman (D:9)
  3 iguanas
  A scorpion zombie (D:5)
  17 orc wizards
  15 hell rats
  A killer bee zombie (D:7)
  2 centaur simulacra
  A hound skeleton (D:4)
  5 mummies (Ossuary)
  A howler monkey skeleton (D:6)
  2 gnolls (D:9)
  8 adders
  3 river rats (Lair:5)
  3 white imps
  An adder skeleton (D:5)
  2 worms
  3 dart slugs
  85 orcs
  3 endoplasms (D:4)
  5 giant cockroaches
  A gnoll zombie (Ossuary)
  4 goblins
  5 hobgoblins
  9 ball pythons
  4 bats
  4 frilled lizards
  3 hobgoblin zombies (Ossuary)
  14 kobolds
  A kobold zombie (Ossuary)
  11 rats
840 creatures vanquished.

Vanquished Creatures (collateral kills)
  A deep elf pyromancer (Elf:1)
  A cane toad (Lair:5)
  5 rime drakes
  3 blink frogs (Lair:6)
  A wyvern (Lair:4)
  3 yaks
  A basilisk (Lair:4)
  An orc warrior (D:14)
  A bullfrog (Lair:5)
  A wight (D:8)
  A hell rat (Lair:4)
  3 gnolls (D:9)
  An adder (Lair:5)
  2 orcs (Orc:2)
25 creatures vanquished.

Vanquished Creatures (others)
  A wizard (D:14)
  67 fungi
  87 plants
  6 toadstools (Lair:3)
  A withered plant (Gauntlet)
162 creatures vanquished.

Grand Total: 1027 creatures vanquished

Notes
Turn   | Place    | Note
-------+----------+-------------------------------------------
     0 | D:1      | joshe the Deep Elf Necromancer began the quest for the Orb.
     0 | D:1      | Reached XP level 1. HP: 10/10 MP: 6/6
    68 | D:1      | Reached skill level 5 in Necromancy
   750 | D:1      | Reached XP level 2. HP: 14/15 MP: 6/8
  1292 | D:2      | Reached XP level 3. HP: 15/19 MP: 6/10
  1304 | D:2      | Learned a level 3 spell: Vampiric Draining
  1357 | D:2      | Reached skill level 4 in Spellcasting
  1498 | D:2      | Identified the +7 hand axe of the Tomato {speed, rC++
                  | Int-4}
  2281 | D:3      | Found a snail-covered altar of Cheibriados.
  2290 | D:3      | Reached XP level 4. HP: 15/24 MP: 4/12
  2298 | D:3      | Learned a level 1 spell: Sandblast
  2302 | D:3      | Learned a level 3 spell: Stone Arrow
  2641 | D:3      | Found a hide-covered altar of Uskayaw.
  3058 | D:4      | Noticed a phantom
  3268 | D:4      | Reached skill level 5 in Spellcasting
  3268 | D:4      | Reached skill level 1 in Earth Magic
  3324 | D:4      | Reached skill level 1 in Conjurations
  3324 | D:4      | Reached XP level 5. HP: 27/28 MP: 1/14
  3661 | D:4      | Noticed a water moccasin
  3898 | D:4      | Reached XP level 6. HP: 22/32 MP: 5/15
  4208 | D:4      | Found a bloodstained altar of Trog.
  4735 | D:4      | Reached XP level 7. HP: 32/36 MP: 0/17
  5204 | D:5      | Entered Level 5 of the Dungeon
  5226 | D:5      | Reached skill level 6 in Spellcasting
  5234 | D:5      | Found a burning altar of Makhleb.
  5310 | D:5      | Found a runed translucent door.
  5318 | D:5      | Noticed abstractfish's ghost (novice HOFi)
  5439 | D:5      | Found a sand-covered staircase.
  5448 | Ossuary  | Entered an ossuary
  5472 | Ossuary  | Reached skill level 1 in Evocations
  6344 | D:5      | Reached skill level 7 in Spellcasting
  6648 | D:5      | Reached skill level 8 in Spellcasting
  6793 | D:5      | Identified the +6 hand axe of Exquisite Torment {spect,
                  | Str-3 Dex+5}
  6942 | D:6      | Reached XP level 8. HP: 41/41 MP: 15/22
  7000 | D:6      | Noticed Sigmund
  7011 | D:6      | Found a blossoming altar of Fedhas.
  7256 | D:6      | Reached skill level 9 in Spellcasting
  7480 | D:6      | Reached skill level 5 in Conjurations
  7480 | D:6      | Reached skill level 5 in Earth Magic
  8233 | D:6      | Reached XP level 9. HP: 36/45 MP: 17/24
  8377 | D:6      | Reached skill level 10 in Spellcasting
  8471 | D:6      | Killed Sigmund
  8477 | D:6      | Learned a level 4 spell: Animate Dead
  8981 | D:7      | Found a staircase to the Ecumenical Temple.
  8995 | Temple   | Entered the Ecumenical Temple
  9546 | D:7      | Found a shadowy altar of Dithmenos.
  9547 | D:7      | Found a radiant altar of Vehumet.
  9548 | D:7      | Found an ancient bone altar of Kikubaaqudgha.
  9557 | D:7      | Became a worshipper of Kikubaaqudgha
 10339 | D:7      | Reached skill level 11 in Spellcasting
 10869 | D:7      | Reached skill level 12 in Spellcasting
 11204 | D:7      | Upgraded the game from 0.28.0-45-g0d030f2227 to
                  | 0.28.0-47-ge53b351184
 11584 | D:8      | Found a shimmering blue altar of Sif Muna.
 12173 | D:8      | Noticed Maurice
 12192 | D:8      | Killed Maurice
 12193 | D:8      | Reached skill level 10 in Necromancy
 12193 | D:8      | Reached XP level 10. HP: 48/50 MP: 10/28
 12447 | D:8      | Reached * piety under Kikubaaqudgha
 12447 | D:8      | Received a gift from Kikubaaqudgha
 12674 | D:8      | Learned a level 3 spell: Mephitic Cloud
 12687 | D:8      | Found a staircase to the Lair.
 12687 | D:8      | Noticed an elephant
 12702 | D:8      | Reached skill level 1 in Poison Magic
 12705 | D:8      | Reached skill level 1 in Air Magic
 13232 | D:8      | Killed an elephant
 13642 | D:9      | Found a staircase to the Orcish Mines.
 14012 | D:9      | Identified the +7 spear "joshe's Death" {holy, Dex+6}
 14287 | D:9      | Noticed a four-headed hydra
 14319 | D:9      | Noticed a brown ugly thing
 14328 | D:9      | Killed a brown ugly thing
 14629 | D:9      | Killed a four-headed hydra
 14630 | D:9      | Reached skill level 10 in Earth Magic
 15247 | D:9      | Reached XP level 11. HP: 54/54 MP: 19/29
 16054 | D:9      | Found Vumelun's Magic Scroll Boutique.
 16066 | D:9      | Reached ** piety under Kikubaaqudgha
 16075 | D:9      | Bought a scroll of fear for 52 gold pieces
 16075 | D:9      | Bought a scroll of identify for 30 gold pieces
 16075 | D:9      | Bought a scroll of teleportation for 45 gold pieces
 17146 | D:9      | Found a runed translucent gate.
 17147 | D:9      | Found a runed translucent gate.
 17148 | D:9      | Found a runed translucent gate.
 17148 | D:9      | Noticed an 11-headed hydra
 17149 | D:9      | Noticed RascalDebosk's ghost (journeyman MiBe)
 17150 | D:9      | Noticed an 11-headed hydra
 17174 | D:9      | Found a hazy altar of Hepliaklqana.
 17259 | Lair:1   | Entered Level 1 of the Lair of Beasts
 18227 | Lair:1   | Learned a level 3 spell: Ignite Poison
 18228 | Lair:2   | Found a staircase to the Snake Pit.
 18239 | Lair:2   | Reached skill level 1 in Transmutations
 18239 | Lair:2   | Reached skill level 1 in Fire Magic
 18499 | Lair:2   | Found a staircase to the Shoals.
 18800 | Lair:2   | Noticed a five-headed hydra
 19039 | Lair:2   | Killed a five-headed hydra
 19274 | Lair:2   | Reached skill level 5 in Dodging
 19691 | Lair:2   | Reached skill level 13 in Spellcasting
 20361 | Lair:3   | Noticed a four-headed hydra
 20472 | Snake:1  | Entered Level 1 of the Snake Pit
 20532 | Lair:3   | Reached skill level 14 in Spellcasting
 20548 | Lair:3   | Reached XP level 12. HP: 59/59 MP: 4/32
 21264 | Lair:3   | Reached skill level 1 in Fighting
 21623 | Lair:3   | Reached *** piety under Kikubaaqudgha
 21623 | Lair:3   | Received a gift from Kikubaaqudgha
 21629 | Lair:3   | Learned a level 4 spell: Dispel Undead
 22022 | Lair:3   | Reached skill level 15 in Spellcasting
 22167 | Lair:3   | You fall into a shaft and drop 3 floors!
 22167 | Lair:6   | Entered Level 6 of the Lair of Beasts
 22431 | Lair:3   | Killed a four-headed hydra
 22768 | Lair:3   | Noticed a dire elephant
 22804 | Lair:3   | Found a runed translucent door.
 22975 | Lair:3   | Reached skill level 16 in Spellcasting
 23513 | Lair:4   | Noticed a four-headed hydra
 23593 | Lair:4   | Reached **** piety under Kikubaaqudgha
 23598 | Lair:4   | Killed a four-headed hydra
 24784 | Lair:5   | Learned a level 5 spell: Agony
 24790 | Lair:5   | Learned a level 5 spell: Borgnjor's Vile Clutch
 24898 | Lair:5   | Reached XP level 13. HP: 11/66 MP: 1/35
 25213 | Lair:5   | Found an ornate altar of the Wu Jian Council.
 25217 | Lair:5   | Identified the amulet of Hupiz {Acrobat Harm SInv}
 26064 | Lair:5   | Found the +8 whip "Snakebite" {venom, curare, rPois}
 27278 | Lair:6   | Reached skill level 10 in Dodging
 28271 | Lair:6   | HP: 2/66 [oklob plant/splash of acid (38)]
 29442 | Lair:6   | Found a viscous altar of Jiyva.
 29442 | Lair:6   | Found a staircase to the Slime Pits.
 29707 | Lair:6   | Noticed a dire elephant
 29716 | Lair:6   | Killed a dire elephant
 29982 | Lair:6   | Found a burning altar of Makhleb.
 30731 | Lair:6   | Reached XP level 14. HP: 72/72 MP: 9/36
 31042 | Lair:6   | Found a gateway to Hell.
 31053 | Lair:6   | Identified the +8 hunting sling "Nehaiv" {venom, rCorr}
 31682 | Orc:1    | Entered Level 1 of the Orcish Mines
 31989 | Orc:1    | Paralysed by an orc sorcerer for 3 turns
 31990 | Orc:1    | Noticed Gastronok
 32203 | D:9      | Bought 2 scrolls of enchant armour for 225 gold pieces
 32219 | D:10     | Entered Level 10 of the Dungeon
 32242 | D:10     | Reached skill level 15 in Necromancy
 32416 | D:10     | Found a runed translucent door.
 32429 | D:10     | Reached ***** piety under Kikubaaqudgha
 32434 | D:10     | Identified the +3 whip of Popular Demand {drain, *Noise Fly
                  | rCorr Stlth+}
 32435 | D:10     | Identified the +0 hat of the Irksome Hot Ocelot {rC++}
 32532 | D:10     | Found a runed translucent gate.
 32532 | D:10     | Found a runed translucent gate.
 32532 | D:10     | Found a runed translucent gate.
 32532 | D:10     | Found a runed translucent gate.
 32533 | D:10     | Found a runed translucent gate.
 32535 | D:10     | Found a runed translucent gate.
 33260 | D:10     | Identified the ring "Kari Erav" {rC+ Dex+6}
 34823 | D:12     | Noticed Rupert
 34832 | D:12     | Killed Rupert
 34870 | D:12     | Identified a scroll of acquirement
 35614 | D:13     | Reached skill level 17 in Spellcasting
 37237 | D:14     | Reached skill level 18 in Spellcasting
 37998 | D:14     | Found a gate to the Vaults.
 38525 | D:14     | Reached XP level 15. HP: 76/76 MP: 27/39
 38714 | D:14     | Learned a level 2 spell: Blink
 39002 | D:15     | Entered Level 15 of the Dungeon
 39240 | D:15     | Found a gate leading to a gauntlet.
 39253 | Gauntlet | Entered a Gauntlet
 39253 | Gauntlet | Found a transporter.
 39258 | Gauntlet | Found a transporter.
 39261 | Gauntlet | Found a transporter.
 39262 | Gauntlet | Found a transporter.
 39267 | Gauntlet | Found a transporter.
 39268 | Gauntlet | Found a transporter.
 39280 | Gauntlet | Found a transporter.
 39282 | Gauntlet | Found a transporter.
 39308 | Gauntlet | Found a transporter.
 39308 | Gauntlet | Found a transporter.
 39310 | Gauntlet | Found a transporter.
 39383 | Gauntlet | Found a transporter.
 39578 | Gauntlet | Reached skill level 1 in Translocations
 39595 | Gauntlet | Identified the ring of Puafoth {Str+3 SInv}
 39764 | Gauntlet | Reached skill level 1 in Shields
 40039 | Gauntlet | Identified the ring of Ferigein {rC+ MP+9}
 40113 | Gauntlet | Identified the +3 dagger of Governance {vamp, rC+++ rCorr
                  | Int-5 Dex+2}
 40306 | Gauntlet | Identified the +2 cloak of Iba Gyrchoh {Rampage rN+ rCorr}
 40905 | D:15     | Found a staircase to the Depths.
 41108 | D:15     | Found an iron altar of Okawaru.
 41749 | D:15     | Reached skill level 5 in Shields
 42565 | Orc:1    | Killed Gastronok
 42856 | Orc:1    | Reached skill level 5 in Evocations
 43035 | Orc:1    | Found Zippit's Armour Shoppe.
 43297 | Orc:2    | Entered Level 2 of the Orcish Mines
 43628 | Orc:2    | Found a staircase to the Elven Halls.
 44396 | Orc:2    | Reached skill level 1 in Armour
 44398 | Orc:2    | Reached ****** piety under Kikubaaqudgha
 45741 | Orc:2    | Found Tipu's Antique Weapon Shop.
 45741 | Orc:2    | Found Fivuhaerha's Jewellery Emporium.
 46059 | Orc:2    | Found Tuyluad's Magic Scroll Shop.
 46059 | Orc:2    | Found Kunago's Antique Weapon Emporium.
 46307 | Orc:2    | Bought the ring of Menwe {rElec Int+3 Dex+6 Slay-3} for 662
                  | gold pieces
 46537 | Elf:1    | Entered Level 1 of the Elven Halls
 46767 | Elf:1    | Found a frozen archway.
 46850 | IceCv    | Entered an ice cave
 47276 | IceCv    | Reached skill level 10 in Conjurations
 47475 | IceCv    | Reached XP level 16. HP: 84/84 MP: 30/40
 48203 | IceCv    | Noticed an Ice Fiend
 48216 | IceCv    | Killed an Ice Fiend
 48364 | IceCv    | Identified the +7 shortbow "Ogrebane" {vorpal, Fly}
 48951 | Elf:1    | Reached skill level 19 in Spellcasting
 49871 | Elf:1    | Reached skill level 20 in Spellcasting
 50081 | Elf:1    | Got the Compendium of Satyriasis
 50439 | Elf:2    | Learned a level 6 spell: Iron Shot
 50445 | Elf:2    | Learned a level 5 spell: Iskenderun's Battlesphere
 50449 | Elf:2    | Learned a level 3 spell: Spider Form
 50768 | Elf:2    | Found Nace's Jewellery Shop.
 50799 | Elf:2    | Reached skill level 21 in Spellcasting
 51605 | Elf:2    | Found a runed translucent gate.
 51625 | Elf:2    | Found a runed translucent gate.
 51626 | Elf:2    | Found a runed translucent gate.
 52107 | Elf:2    | Noticed a deep elf blademaster
 52324 | Elf:2    | Killed a deep elf blademaster
 52842 | Elf:2    | Reached XP level 17. HP: 88/88 MP: 29/44
 53368 | Elf:3    | Entered Level 3 of the Elven Halls
 53826 | Elf:3    | Identified the +8 flail "Tiodu" {venom, rF+ rC- rCorr}
 54064 | Elf:3    | Cast into level 2 of the Abyss (a deep elf sorcerer)
 54826 | Abyss:3  | Noticed a lich
 54828 | Abyss:3  | Killed a lich
 55149 | Abyss:3  | Noticed a lich
 55155 | Abyss:3  | Killed a lich
 55465 | Abyss:3  | Killed from afar by a hell hog

Illustrated notes

Levels and vault maps discovered:
D:1:      dpeg_arrival_short_road, layout_basic, hangedman_decor_riveting,
          serial_bayou_pond_e
D:2:      layout_loops_corners, grunt_ministairs_2
D:3:      layout_rooms, nicolae_uskayaw_suspiria, slow_altar_1,
          ebering_dispersal_statue_hall
D:4:      layout_basic, trog_ov_bears_minmay, minmay_misc_feat_more_columns
D:5:      layout_cave_pools, lemuel_crystal_altar, chequers_ossuary_entry_cave,
          ebering_ghost_sewer_d, grunt_ministairs_15
D:6:      layout_loops_ring, fedhas_bush_and_centaur_altar, minmay_ruffians,
          uniq_sigmund
D:7:      layout_gridville, chequers_temple_overflow_statue_of_worship,
          minmay_temple_entry_junction_2, grunt_decor_arrowhead
D:8:      layout_cave_pools, lemuel_doored_altar, david_lair_generic,
          uniq_maurice
D:9:      layout_cave_pools, mainiacjoe_overflow_alcove_2, orc_0_dummy,
          gammafunk_ghost_hydra_chop, serial_shops, shop, minmay_pinched_square
D:10:     gammafunk_indiana_jones, layout_cross
D:11:     layout_roguey, minivault_4
D:12:     layout_rooms, uniq_rupert
D:13:     layout_loops_ring
D:14:     layout_gridville, grunt_vaults_entry_tiered, minmay_misc_feat_room
D:15:     grunt_enter_depths_magical_seal, layout_basic, gauntlet_entry_generic,
          hangedman_decor_peaks_small, okawaru_gym_becter
Temple:   minmay_temple_forest_path
Lair:1:   layout_hall_layers, chequers_serial_rivers_marsh
Lair:2:   layout_long_grid, minmay_shoals_entry_hut, dummy_snake_entry
Lair:3:   gammafunk_lair_enchanted_lake, layout_chaotic_city
Lair:4:   layout_cellular_growth, special_room [special_room_mythical_zoo],
          minivault_23, lookout_lair_type, lemuel_fruit_tree
Lair:5:   minmay_guarded_unrand_snakebite, layout_regular_city, basic_altar,
          minivault_19, chequers_serial_rivers_small_3,
          kennysheep_abandoned_house
Lair:6:   evil_forest, layout_long_grid, dpeg_slime_entry_enclosed_altar,
          st_stairs_11, minivault_19, dpeg_oklob_1
Snake:1:  layout_grid_shapes, serial_shops, nicolae_shop_stone,
          nicolae_snake_horde_hoard, uniq_aizul
Orc:1:    layout_caves, serial_shops, nicolae_shop_trees, uniq_gastronok
Orc:2:    st_orc_town, layout_caves, mines2_david
Elf:1:    nicolae_elf_arrival_fired_up, layout_loops_ring,
          portal_ice_cave_entry_ugly_swarm, minmay_elf_sorcery
Elf:2:    elven_hall_of_blades_hangedman_original
          [nicolae_blade_entry_antechamber], layout_onion_city, serial_shops,
          shop_statue
Elf:3:    minmay_elf_hall_x, layout_gridlike, small_chamber_with_monster,
          grunt_ministairs_14, grunt_megastairs_4
Abyss:3:  base: D:3, base: Lair:4, gammafunk_corrupted_shrine,
          grunt_abyss_rune_wretched_hive, serial_sigils_hangedman_gut,
          serial_sigils_hangedman_gut, bh_abyss_exit_grid,
          hangedman_abyss_exit_choices, abyss_furniture_001

Skill      XL: |  1  2  3  4  5  6  7  8  9 10 11 12 13 14 15 16 17 |
---------------+----------------------------------------------------+-----
Necromancy     | 5 6 8 10 12 14 17 18 | 18.0
Spellcasting   | 4 5 8 9 12 14 16 18 21 | 21.5
Earth Magic    | 2 4 5 10 12 14 | 14.0
Conjurations   | 1 2 4 5 6 7 9 10 | 10.0
Dodging        | 3 4 6 8 12 13 14 | 14.0
Stealth        | 3 4 |  4.0
Evocations     | 3 4 6 |  6.0
Poison Magic   | 2 |  2.0
Air Magic      | 2 |  2.0
Transmutations | 2 |  2.0
Fire Magic     | 2 |  2.0
Fighting       | 2 4 |  4.0
Translocations | 2 |  2.0
Shields        | 6 |  6.0
Armour         | 4 |  4.0

Action                   |  1- 3 |  4- 6 |  7- 9 | 10-12 | 13-15 | 16-18 || total
-------------------------+-------+-------+-------+-------+-------+-------++-------
Melee: Dagger            |       |       |       |     8 |       |       ||     8
       Whip              |       |       |       |       |    11 |     3 ||    14
 Cast: Pain              |    51 |    49 |    79 |    43 |   110 |     7 ||   339
       Vampiric Draining |       |    16 |    42 |    45 |    43 |     4 ||   150
       Sandblast         |       |     9 |    35 |       |    30 |     6 ||    80
       Stone Arrow       |       |     6 |    79 |   245 |   379 |    98 ||   807
       Animate Dead      |       |       |     1 |     9 |    17 |     2 ||    29
       Mephitic Cloud    |       |       |       |    61 |   142 |    40 ||   243
       Ignite Poison     |       |       |       |    11 |     6 |     1 ||    18
       Agony             |       |       |       |     1 |    10 |       ||    11
       Borgnjor's Vile C |       |       |       |       |   143 |    80 ||   223
       Dispel Undead     |       |       |       |       |    10 |     9 ||    19
       Blink             |       |       |       |       |     5 |     9 ||    14
       Iron Shot         |       |       |       |       |       |    51 ||    51
       Iskenderun's Batt |       |       |       |       |       |    35 ||    35
       Spider Form       |       |       |       |       |       |     5 ||     5
Invok: Receive Corpses   |       |       |       |     1 |     1 |       ||     2
Evoke: Wand              |       |       |     5 |    22 |    24 |     6 ||    57
       Condenser vane    |       |       |       |     1 |     1 |     1 ||     3
       Lightning rod     |       |       |       |     4 |     7 |     3 ||    14
  Use: Scroll            |     5 |     1 |     4 |    15 |    22 |     9 ||    56
       Potion            |       |       |     2 |     9 |     7 |     6 ||    24
 Stab: Confused          |       |       |       |     1 |       |       ||     1
       Paralysed         |       |       |       |     1 |       |       ||     1
Armor: Robe              |       |    12 |     6 |    18 |     9 |       ||    45
       Acid dragon scale |       |       |       |       |    52 |    10 ||    62
Dodge: Dodged            |     3 |    27 |    46 |    80 |   193 |    92 ||   441
Block: Buckler           |       |       |       |       |    25 |    17 ||    42
